 Dungeon Crawl Stone Soup version 0.29.1-15-g9cfb28693d (webtiles) character file.

Game seed: 12405446816202450247

189 protoss039 the Digger (level 5, -1/42 HPs)
             Began as a Demonspawn Earth Elementalist on Mar 2, 2023.
             Constricted to death by Edmund (5 damage)
             ... on level 4 of the Dungeon.
             The game lasted 00:07:25 (3963 turns).

protoss039 the Digger (DsEE)                        Turns: 3963, Time: 00:07:26

Health: -1/42      AC:  7    Str:  9    XL:     5   Next: 40%
Magic:  10/10      EV:  7    Int: 18    God:
Gold:   195        SH:  4    Dex: 13    Spells: 7/10 levels left

rFire   . . .      SeeInvis .   m - +3 halberd (venom)
rCold   . . .      Faith    .   (shield currently unavailable)
rNeg    . . .      Spirit   .   o - +0 ring mail
rPois   .          Reflect  .   (no helmet)
rElec   .          Harm     .   (no cloak)
rCorr   .          Rampage  .   (no gloves)
Will    .....                   (no boots)
Stlth   +.........              c - amulet of the acrobat
HPRegen 0.14/turn               (no ring)
MPRegen 0.12/turn               (no ring)

@: grasped by roots, constricted
A: rugged brown scales 2, condensation shield
a: no special abilities


You were on level 4 of the Dungeon.
You visited 1 branch of the dungeon, and saw 4 of its levels.

You collected 195 gold pieces.

Inventory:

Hand Weapons
 m - a +3 halberd of venom (weapon)
Armour
 o - a +0 ring mail (worn)
 q - a +2 chain mail of cold resistance
Jewellery
 c - an amulet of the acrobat (around neck)
Wands
 l - a wand of flame (2)
Scrolls
 h - 2 scrolls of identify
 n - 2 scrolls of amnesia
Potions
 a - a potion of haste {unknown}
 b - a potion of magic
 g - a potion of flight {unknown}
 i - a potion of heal wounds
 k - a potion of curing {unknown}


   Skills:
 + Level 2.8 Fighting
 - Level 1.7 Dodging
 - Level 1.7 Stealth
 + Level 3.4 Spellcasting
 - Level 0.8 Transmutations
 + Level 3.9 Earth Magic


You had 7 spell levels left.
You knew the following spells:

 Your Spells              Type           Power      Damage    Failure   Level
a - Sandblast             Erth           34%        2d9       9%          1
b - Passwall              Tmut/Erth      9%         N/A       24%         2

Your spell library contained the following spells:

 Spells                   Type           Power      Damage    Failure   Level
 Stone Arrow              Conj/Erth      20%        3d8       52%         3
 Petrify                  Tmut/Erth      11%        N/A       85%         4


Dungeon Overview and Level Annotations

Branches:
Dungeon (4/15) Zot: 19984
 Temple: D:4-7

Altars:
Ashenzari
Gozag
Makhleb
Yredelemnul

Annotations:
D:2 1 exclusion
D:3 1 runed translucent door, Crazy Yiuf, Grinder
D:4 Edmund


Innate Abilities, Weirdness & Mutations

You are mostly covered in rugged brown scales. (AC +2, +5% HP)
A meltable shield of frost defends you. (SH +4)


Message History

Aim: Edmund, wielding a +4 vorpal flail, wearing a +0 leather armour and carrying a wand of roots (2) (moderately wounded, about 46% to evade your +3 halberd of venom)
You barely miss Edmund.
Edmund is moderately wounded.
Edmund hits you with a +4 vorpal flail! You block Edmund's attack.
Unknown command.
Reach: m) +3 halberd (venom)
Press: ? - help, Dir - move target, f/p - Edmund
Aim: Edmund, wielding a +4 vorpal flail, wearing a +0 leather armour and carrying a wand of roots (2) (moderately wounded, about 46% to evade your +3 halberd of venom)
You barely miss Edmund.
Edmund is moderately wounded.
The endoplasm freezes you.
You are frozen.
Edmund hits you with a +4 vorpal flail!
* * * LOW HITPOINT WARNING * * *
x2 Unknown command.
Unknown command.
Blink to where?
Press: ? - help, Dir - move target, p - Edmund
As you read the scroll of blinking, it crumbles to dust.
Unknown command.
Unknown command.
Really read the scroll of torment?
As you read the scroll of torment, it crumbles to dust.
Your body is wracked with pain!
* * * LOW HITPOINT WARNING * * *
The endoplasm convulses!
Edmund convulses!
The endoplasm convulses!
Edmund zaps a wand.
The roots erupt in riotous growth!
The grasping roots grab you! The grasping roots constrict you.
* * * LOW HITPOINT WARNING * * *
Unknown command.
Unknown command.
Unknown command.
Unknown command.
Aiming: Throw Flame
Press: ? - help, Shift-Dir - straight line, f - Edmund
Aim: Edmund, wielding a +4 vorpal flail, wearing a +0 leather armour and carrying a wand of roots (1) (severely wounded, 68% to hit)
The puff of flame hits Edmund.
Edmund is severely wounded.
The grasping roots constrict you.
You die...

... ########.#
#........# ##### ###
#........###...## ..#
#..........J<...# #.#
#.........@.....# #.#
#........)......# #†#
#.........J.....# #.#
#.......)###...## #.#
#....@...###...# #.#
#...####.#...### #.#
#...# #.#.#.# #.#
######...####.#.#...
#.#
#.g..'...'....#@#####
#.# #.####...######.#
#.# #.# #...# #J# #.#
#.# #...# #.# #.# #g#
#...# #.#


You could see Edmund and 2 endoplasms.

Vanquished Creatures
  Natasha (twice) (D:3)
  Terence (D:3)
  4 gnolls
  3 adders
  2 dart slugs
  3 bats
  5 endoplasms
  2 giant cockroaches (D:3)
  5 goblins
  2 hobgoblins
  2 quokkas
  4 ball pythons
  3 frilled lizards
  6 kobolds
  4 rats
48 creatures vanquished.

Notes
Turn   | Place    | Note
-------+----------+-------------------------------------------
     0 | D:1      | protoss039 the Demonspawn Earth Elementalist began the
                  | quest for the Orb.
     0 | D:1      | Reached XP level 1. HP: 13/13 MP: 3/3
   143 | D:1      | Found a faded altar of an unknown god.
   473 | D:1      | Gained mutation: You are partially covered in rugged brown
                  | scales. (AC +1, +3% HP) [demonic ancestry]
   473 | D:1      | Reached XP level 2. HP: 14/20 MP: 1/5
  1310 | D:1      | Learned a level 2 spell: Passwall
  1476 | D:2      | Reached skill level 1 in Fighting
  2147 | D:2      | Reached XP level 3. HP: 25/26 MP: 2/6
  2417 | D:3      | Noticed Grinder
  2446 | D:3      | Noticed Natasha
  2455 | D:3      | Killed Natasha
  2456 | D:3      | Gained mutation: A meltable shield of frost defends you.
                  | (SH +4) [demonic ancestry]
  2456 | D:3      | Reached XP level 4. HP: 31/33 MP: 1/8
  2707 | D:3      | Noticed Terence
  2836 | D:3      | Noticed Natasha
  2980 | D:3      | Killed Terence
  2981 | D:3      | Gained mutation: You are mostly covered in rugged brown
                  | scales. (AC +2, +5% HP) [demonic ancestry]
  2981 | D:3      | Reached XP level 5. HP: 29/40 MP: 7/9
  3141 | D:3      | Killed Natasha
  3285 | D:3      | Found a broken altar of Ashenzari.
  3285 | D:3      | Found an opulent altar of Gozag.
  3286 | D:3      | Found a burning altar of Makhleb.
  3297 | D:3      | Found a basalt altar of Yredelemnul.
  3359 | D:3      | Found a runed translucent door.
  3360 | D:3      | Noticed Crazy Yiuf
  3813 | D:4      | Noticed Edmund
  3963 | D:4      | Constricted to death by Edmund

Illustrated notes

Levels and vault maps discovered:
D:1:      nicolae_arrival_washed_ashore, layout_basic,
          hellmonk_ecumenical_altar_run_dry
D:2:      layout_loops_ring
D:3:      layout_rooms, minitemple, uniq_grinder, uniq_crazy_yiuf_cottage,
          uniq_terence, uniq_natasha
D:4:      layout_basic, uniq_edmund

Skill      XL: |  1  2  3  4 |
---------------+-------------+-----
Fighting       | 1 2 |  2.8
Earth Magic    | 3 |  3.9
Spellcasting   | 3 |  3.4
Dodging        | |  1.7
Stealth        | |  1.7
Transmutations | |  0.8

Action                   |  1- 3 |  4- 6 || total
-------------------------+-------+-------++-------
Melee: Dagger            |    26 |    34 ||    60
       Unarmed           |     1 |       ||     1
       Halberd           |       |     6 ||     6
 Cast: Sandblast         |    45 |    20 ||    65
       Passwall          |     1 |       ||     1
Evoke: Wand              |       |    14 ||    14
  Use: Scroll            |    10 |     6 ||    16
       Potion            |     1 |       ||     1
 Stab: Sleeping          |     1 |       ||     1
Armor: Robe              |    15 |       ||    15
       Leather armour    |    11 |       ||    11
       Ring mail         |    10 |    17 ||    27
Dodge: Dodged            |    79 |    25 ||   104
Block: Other             |       |     9 ||     9
